 Dungeon Crawl Stone Soup version 0.31-a0-963-ga325b2283a (webtiles) character file.

Game seed: 13340402078502852782

475 Arzdou the Grave Robber (level 6, 0/32 HPs)
             Began as a Deep Elf Necromancer on Oct 25, 2023.
             Slain by an ogre
             ... wielding a +0 giant club
              (32 damage)
             ... on level 5 of the Dungeon.
             The game lasted 00:09:23 (4822 turns).

Arzdou the Grave Robber (Deep Elf Necromancer)      Turns: 4822, Time: 00:09:24

Health: 0/32       AC:  7    Str:  5    XL:     6   Next: 84%
Magic:  12/18      EV: 13    Int: 28    God:
Gold:   214        SH:  0    Dex: 15    Spells: 11/19 levels left

rFire   + . .        m - +2 dagger (venom)
rCold   + . .        (no shield)
rNeg    . . .        a - +0 robe
rPois   .            l - +0 helmet
rElec   .            e - scarf {rC+ rF+}
rCorr   .            (no gloves)
SInv    .            (no boots)
Will    .....        (no amulet)
Stlth   ++           c - +4 ring of protection
HPRegen 0.25/turn    u - +6 ring of intelligence
MPRegen 0.16/turn

%: no passive effects
@: no status effects
A: no striking features
a: no special abilities


You were on level 5 of the Dungeon.
You visited 1 branch of the dungeon, and saw 5 of its levels.

You collected 214 gold pieces.

Inventory:

Hand Weapons
 m - a +2 dagger of venom (weapon)
Missiles
 d - a throwing net
Armour
 a - a +0 robe (worn)
 e - a scarf of resistance (worn)
 l - a +0 helmet (worn)
Jewellery
 c - a +4 ring of protection (left hand)
 k - an amulet of faith
 s - a ring of willpower
 u - a +6 ring of intelligence (right hand)
 y - a ring of willpower
Wands
 w - a wand of quicksilver (4)
Scrolls
 f - 2 scrolls of noise {unknown}
 g - 6 scrolls of teleportation {unknown}
 h - 2 scrolls of brand weapon {unknown}
 i - a scroll of enchant weapon {unknown}
 j - 3 scrolls of fog {unknown}
 n - 2 scrolls of blinking {unknown}
 o - 4 scrolls of identify {unknown}
 q - 2 scrolls of poison {unknown}
Potions
 b - a potion of magic
 p - a potion of lignification
 r - a potion of invisibility
 t - a potion of ambrosia {unknown}
 v - a potion of haste {unknown}
 x - a potion of might {unknown}


   Skills:
 - Level 2.7 Dodging
 - Level 2.8 Stealth
 + Level 7.1 Spellcasting
 + Level 7.7 Necromancy


You had 11 spell levels left.
You knew the following spells:

 Your Spells              Type           Power      Damage    Failure   Level
a - Necrotise             Necr           100%       1d9       1%          1
b - Animate Dead          Necr           52%        N/A       2%          4
c - Vampiric Draining     Necr           52%        2d9       1%          3

Your spell library contained the following spells:

 Spells                   Type           Power      Damage    Failure   Level
 Agony                    Necr           52%        N/A       6%          5


Dungeon Overview and Level Annotations

Branches:
Dungeon (5/15)
 Temple: D:4-7

Altars:
Dithmenos
Nemelex Xobeh
Okawaru
Trog
Uskayaw

Shops:
D:4 (

Annotations:
D:2 1 runed translucent door, Crazy Yiuf
D:4 Menkaure


Message History

The puff of frost hits your orc skeleton.
Your orc skeleton resists.
You hit the white imp but do no damage.
The white imp is severely wounded.
Your quokka skeleton barely misses the white imp.
The white imp closely misses you.
Unknown command.
You hit the white imp.
The white imp is almost dead.
You kill the white imp!
Unknown command.
You can't see any susceptible monsters within range! (Use Z to cast anyway.)
Your quokka skeleton crumbles into dust!
Your orc skeleton crumbles into dust!
Your reaping aura is weakening.
Your reaping aura expires.
Things that are here:
a +0 trident of protection; a +0 leather armour
y - a ring of willpower You now have 180 gold pieces (gained 13).
You now have 197 gold pieces (gained 17).
You now have 214 gold pieces (gained 17).
Found a stone staircase leading up.
o - 4 scrolls labelled BUHIAKUCZA (gained 1) As you open the door, it creaks loudly!
Found a leather armour.
An ogre comes into view. It is wielding a +0 giant club.
Okay, then.
The ogre writhes in agony.
The ogre writhes in agony.
The ogre writhes in agony!
Casting: Necrotise (safe; 1% risk of failure)
Confirm with . or Enter, or press ? or * to list all spells.
Aiming: Vampiric Draining (safe; 1% risk of failure)
Press: ? - help, Shift-Dir - straight line, f/p - ogre
Aim: an ogre, wielding a +0 giant club (heavily wounded)
You draw life force from the ogre!
The ogre hits you with a +0 giant club!!
Ouch! That really hurt!
You die...

#.....'......#.....#
#.....##....##.....##
####....########.....
#....# #..... #....#
#..... #....# #.....
#....# #.....
####+##....####
#.....
......O@.[....#
######
..............#
..............#
..............#
......?.......#
..............#
..............#
####....#######


You could see an ogre.

Vanquished Creatures
  A black bear (D:5)
  A crimson imp (D:4)
  3 orc priests
  A hound (D:5)
  An iguana (D:4)
  2 orc wizards
  Robin (D:2)
  5 adders
  2 white imps
  A worm (D:3)
  13 orcs
  5 endoplasms
  2 giant cockroaches
  13 goblins
  5 hobgoblins
  6 quokkas
  7 ball pythons
  7 bats
  A frilled lizard (D:2)
  3 kobolds
  4 rats
84 creatures vanquished.

Vanquished Creatures (collateral kills)
  A goblin (D:2)
1 creature vanquished.

Vanquished Creatures (others)
  A hound zombie (D:5)
1 creature vanquished.

Grand Total: 86 creatures vanquished

Notes
Turn   | Place    | Note
-------+----------+-------------------------------------------
     0 | D:1      | Arzdou the Deep Elf Necromancer began the quest for the
                  | Orb.
     0 | D:1      | Reached XP level 1. HP: 10/10 MP: 6/6
    16 | D:1      | You fall into a shaft and drop 1 floor!
   254 | D:1      | Reached XP level 2. HP: 15/15 MP: 5/8
   464 | D:1      | Reached skill level 5 in Necromancy
  1069 | D:2      | Noticed Robin
  1210 | D:2      | Found a bloodstained altar of Trog.
  1243 | D:2      | Killed Robin
  1244 | D:2      | Reached XP level 3. HP: 13/19 MP: 2/10
  1831 | D:2      | Found a runed translucent door.
  1832 | D:2      | Noticed Crazy Yiuf
  2019 | D:3      | Reached XP level 4. HP: 24/24 MP: 8/12
  2123 | D:3      | HP: 1/36 [orc priest/+0 morningstar (4)]
  2359 | D:3      | Learned a level 4 spell: Animate Dead
  2389 | D:3      | Learned a level 3 spell: Vampiric Draining
  2529 | D:3      | Reached skill level 5 in Spellcasting
  2680 | D:3      | Reached XP level 5. HP: 28/28 MP: 4/14
  3078 | D:3      | Found a shadowy altar of Dithmenos.
  3433 | D:3      | Found an iron altar of Okawaru.
  3594 | D:4      | Found Pumeym's Weapon Shop.
  3717 | D:4      | Noticed a +0 hand axe
  3717 | D:4      | Noticed a +0 hand axe
  3718 | D:4      | Found a hide-covered altar of Uskayaw.
  3730 | D:4      | Identified the +4 dagger of the Open Hand {flame, rN++}
  4066 | D:4      | Reached XP level 6. HP: 32/32 MP: 17/17
  4167 | D:4      | Found a sparkling altar of Nemelex Xobeh.
  4225 | D:4      | Noticed Menkaure
  4246 | D:5      | Entered Level 5 of the Dungeon
  4442 | D:5      | Identified the +5 spear of Lamasun {heavy, rPois}
  4822 | D:5      | Slain by an ogre

Illustrated notes

Levels and vault maps discovered:
D:1:      sevenhm_arrival_forest_fort_small_4, layout_basic, st_stairs_12
D:2:      layout_rooms, basic_altar, uniq_crazy_yiuf_cottage, uniq_robin
D:3:      layout_loops_ring, mainiacjoe_overflow_swirl, serial_glass,
          glass_columns_c, glass_columns_a
D:4:      layout_cave_pools, dancing_weapons_uskayaw,
          nemelex_diamond_rough_becter, serial_shops, shop,
          minmay_fire_ice_demons, uniq_menkaure
D:5:      layout_gridville, uniq_sigmund

Skill      XL: |  1  2  3  4  5  6 |
---------------+-------------------+-----
Necromancy     | 5 6 7 |  7.7
Spellcasting   | 4 5 6 7 |  7.1
Dodging        | |  2.7
Stealth        | |  2.8

Action                     |  1- 3 |  4- 6 || total
---------------------------+-------+-------++-------
  Melee: Unarmed           |     9 |       ||     9
         Dagger            |     2 |    81 ||    83
         Punch             |       |     1 ||     1
   Cast: Necrotise         |    57 |    70 ||   127
         Vampiric Draining |       |     7 ||     7
         Animate Dead      |       |     2 ||     2
    Use: Potion            |     1 |     1 ||     2
   Stab: Sleeping          |     1 |       ||     1
 Armour: Robe              |    34 |    76 ||   110
         Skin              |       |     3 ||     3
  Dodge: Dodged            |    47 |    81 ||   128

Table legend: (Time is in decaauts)
 A = Elapsed time spent in this place.
 B = Non-inter-level travel time spent in this place.
 C = Inter-level travel time spent in this place.
 D = Time resting spent in this place.
 E = Time spent auto-exploring this place.
 F = Levels seen in this place.
 G = Mean time per level.
                   A        B        C        D        E       F      G
               +--------+--------+--------+--------+--------+-----+--------+
         Total |   4832 |   4588 |    244 |    464 |   3383 |   5 |  966.4 |
       Dungeon |   4832 |   4588 |    244 |    464 |   3383 |   5 |  966.4 |
               +--------+--------+--------+--------+--------+-----+--------+

Top non-repeatable levels by time:
     D:3: 1457 daAuts
     D:1: 1165 daAuts
     D:2: 872 daAuts
     D:4: 760 daAuts
     D:5: 575 daAuts
